 Dungeon Crawl Stone Soup version 0.32-a0-994-gabb26cbae4 (webtiles) character file.

Game seed: 17828921293356142304

839 Zolda the Chopper (level 7, -3/61 HPs)
             Began as a Mountain Dwarf Fighter on Apr 22, 2024.
             Killed by an exploding kobold zombie (31 damage)
             ... ignited by their inner flame
             ... in an ossuary.
             The game lasted 00:17:00 (3302 turns).

Zolda the Chopper (Mountain Dwarf Fighter)          Turns: 3302, Time: 00:17:00

Health: -3/61      AC: 19    Str: 20    XL:     7   Next: 67%
Magic:  0/7        EV:  4    Int:  9    God:
Gold:   157        SH:  4    Dex:  9    Spells: 6/6 levels left

rFire   . . .        a - +0 war axe
rCold   . . .        c - +0 buckler
rNeg    . . .        o - +0 plate armour
rPois   .            (no helmet)
rElec   .            f - +0 cloak
rCorr   .            (no gloves)
SInv    .            i - +1 pair of boots
Will    .....        k - amulet of guardian spirit Stlth
                     n - +4 ring of protection
HPRegen 0.30/turn    (no ring)
MPRegen 0.10/turn

%: guardian spirit
@: marked
A: runic magic, artefact enchanting
a: no special abilities


You were in an ossuary.
You visited 1 branch of the dungeon, and saw 4 of its levels.
You also visited: Ossuary.

You collected 157 gold pieces.

Inventory:

Hand Weapons
 a - a +0 war axe (weapon)
Armour
 c - a +0 buckler (worn)
 f - a +0 cloak (worn)
 i - a +1 pair of boots (worn)
 o - a +0 plate armour (worn)
Jewellery
 k - an amulet of guardian spirit (around neck)
 n - a +4 ring of protection (left hand)
Wands
 h - a wand of charming (6)
Scrolls
 e - a scroll of fog
 g - 2 scrolls of amnesia
 l - a scroll of vulnerability
 m - 2 scrolls of fear
Potions
 b - a potion of mutation {unknown}
 d - 2 potions of curing
 p - 2 potions of resistance {unknown}
 q - 3 potions of enlightenment {unknown}


   Skills:
 + Level 5.3 Fighting
 * Level 6.9 Axes
 + Level 5.3 Armour
 + Level 5.4 Shields


You had 6 spell levels left.
You didn't know any spells.
Your spell library contained the following spells:

 Spells                   Type           Power      Damage    Failure   Level
 Summon Blazeheart Golem  Fire/Summ      0%         N/A       100%        4
 Orb of Destruction       Conj           0%         9d5       100%        7
 Spellforged Servitor     Conj/Summ      0%         N/A       100%        7


Dungeon Overview and Level Annotations

Branches:
Dungeon (4/15)            Ossuary (1/1)
 Temple: D:4-7

Altars:


Innate Abilities, Weirdness & Mutations

Your spellcasting is much less encumbered by armour.
You can use scrolls of enchantment on lesser artefacts.


Message History

You block the mummy's attack.
You slash the elf zombie!
The elf zombie is moderately damaged.
You hit the human zombie. You closely miss the mummy.
You closely miss the kobold zombie.
A human zombie comes into view.
The human zombie barely misses you.
The kobold zombie hits you but does no damage.
The elf zombie hits you but does no damage.
Read: scroll of immolation
Press: ? - help, Q - select action, (/) - cycle Dir - look around, f - activate Look: a mummy (moderately damaged, susceptible)
As you read the scroll of immolation, it crumbles to dust.
The creatures around you are filled with an inner flame!
The mummy hits you but does no damage.
A kobold zombie comes into view.
You barely miss the mummy.
The mummy is moderately damaged.
You slash the human zombie!
Flame seeps out of the human zombie.
You closely miss the elf zombie. You hit the kobold zombie.
Flame seeps out of the kobold zombie.
The human zombie is engulfed in blazing flames.
The human zombie explodes!
The fiery explosion engulfs the kobold zombie!!!
The fiery explosion engulfs the mummy!!!
The mummy is burned terribly!
The fiery explosion engulfs the elf zombie!!!
Flame seeps out of the elf zombie.
The elf zombie is almost destroyed.
The fiery explosion engulfs the mummy!!!
The mummy is burned terribly!
The fiery explosion engulfs the adder zombie!!!
The fiery explosion engulfs you!!
The adder zombie explodes!
The fiery explosion engulfs the elf zombie!!!
The fiery explosion engulfs the kobold zombie!!
The kobold zombie explodes!
The fiery explosion engulfs you!!
Ouch! That really hurt!
You die...

######################
#............§.§.....#
#...........§§§§§....#
#........ß.Zß○§○§....#
#.........ZZ§§@.§....#
#...######ZZ######...#
#...# #..# #...# #...#
#..# #...# #...# #ZZ#
#...#
#...#.Z..Z.....Z.#...#
#...#M####.......#...#
#...# #.......#...#
#...# #.......#...#


You could see a jackal zombie (inner flame), a kobold zombie, an orc zombie
(inner flame), an elf zombie (inner flame) and a human zombie (inner flame).

Vanquished Creatures
  Sigmund (D:3)
  Eustachio (D:4)
  The ghost of P0WERM0DE the Chopper, an amateur CoCK of Xom (D:3)
  Blork the orc (D:4)
  2 elf zombies (Ossuary)
  2 centaur zombies (D:3)
  3 human zombies (Ossuary)
  A killer bee zombie (D:3)
  4 hound zombies (Ossuary)
  3 mummies
  2 adders (D:2)
  3 adder zombies (Ossuary)
  2 dart slugs
  3 orcs
  6 ball pythons
  3 endoplasms (D:3)
  A giant cockroach (D:3)
  11 goblins
  5 hobgoblins
  5 jackals (D:1)
  3 quokkas
  4 bats
  15 frilled lizards
  3 gnoll zombies (Ossuary)
  2 goblin zombies (D:4)
  3 jackal zombies (Ossuary)
  3 kobolds
  8 kobold zombies (Ossuary)
  4 orc zombies (Ossuary)
  2 rats (D:3)
107 creatures vanquished.

Notes
Turn   | Place    | Note
-------+----------+-------------------------------------------
     0 | D:1      | Zolda the Mountain Dwarf Fighter began the quest for the
                  | Orb.
     0 | D:1      | Reached XP level 1. HP: 19/19 MP: 1/1
   299 | D:1      | Reached XP level 2. HP: 26/26 MP: 2/2
   438 | D:1      | You fall into a shaft and drop 1 floor!
   591 | D:1      | Reached skill level 3 in Axes
   595 | D:1      | Reached XP level 3. HP: 29/31 MP: 3/3
  1513 | D:2      | Identified the +5 short sword "Zifuakus" {freeze, rF+
                  | Stlth+}
  1785 | D:3      | Noticed Sigmund
  1797 | D:3      | Killed Sigmund
  1798 | D:3      | Reached skill level 4 in Axes
  1798 | D:3      | Reached XP level 4. HP: 36/40 MP: 4/4
  1798 | D:3      | Reached XP level 5. HP: 42/46 MP: 5/5
  1819 | D:3      | Found a transporter.
  1838 | D:3      | Found a transporter.
  1843 | D:3      | Noticed P0WERM0DE's ghost (amateur CoCK)
  1855 | D:3      | Killed P0WERM0DE's ghost
  1856 | D:3      | Reached skill level 5 in Axes
  1856 | D:3      | Reached XP level 6. HP: 50/53 MP: 4/6
  2685 | D:4      | Noticed Blork the orc
  2698 | D:4      | Killed Blork the orc
  2837 | D:4      | Noticed Eustachio
  2882 | D:4      | Killed Eustachio
  2883 | D:4      | Reached skill level 5 in Fighting
  2883 | D:4      | Reached skill level 6 in Axes
  2883 | D:4      | Reached skill level 5 in Armour
  2883 | D:4      | Reached skill level 5 in Shields
  2883 | D:4      | Reached XP level 7. HP: 25/61 MP: 4/7
  3116 | D:4      | Found a sand-covered staircase.
  3124 | Ossuary  | Entered an ossuary
  3302 | Ossuary  | Killed by an exploding kobold zombie... ignited by their
                  | inner flame

Illustrated notes

Levels and vault maps discovered:
D:1:      dpeg_cavernosity, layout_loops_ring
D:2:      layout_loops_ring
D:3:      layout_loops_corners, gammafunk_ghost_mausoleum, minmay_lizard_king,
          uniq_sigmund
D:4:      layout_loops_corners, temple_hall, nicolae_ossuary_entry_giza,
          uniq_eustachio, uniq_blork_the_orc
Ossuary:  ossuary_tomb_1

Skill      XL: |  1  2  3  4  5  6 |
---------------+-------------------+-----
Axes           | 3 4 5 6 |  6.9
Fighting       | 4 5 |  5.3
Armour         | 4 5 |  5.3
Shields        | 4 5 |  5.4

Action                     |  1- 3 |  4- 6 |  7- 9 || total
---------------------------+-------+-------+-------++-------
  Melee: War axe           |   120 |   138 |   112 ||   370
    Use: Scroll            |     6 |     3 |     1 ||    10
         Potion            |     1 |     1 |       ||     2
 Armour: Scale mail        |   118 |       |       ||   118
         Plate armour      |    15 |   131 |   114 ||   260
  Dodge: Dodged            |    50 |    34 |    36 ||   120
  Block: Buckler           |    21 |    34 |    23 ||    78

Table legend: (Time is in decaauts)
 A = Elapsed time spent in this place.
 B = Non-inter-level travel time spent in this place.
 C = Inter-level travel time spent in this place.
 D = Time resting spent in this place.
 E = Time spent auto-exploring this place.
 F = Levels seen in this place.
 G = Mean time per level.
                   A        B        C        D        E       F      G
               +--------+--------+--------+--------+--------+-----+--------+
         Total |   3404 |   3133 |    271 |    246 |   2032 |   5 |  680.8 |
       Dungeon |   3208 |   2937 |    271 |    246 |   2032 |   4 |  802.0 |
       Ossuary |    196 |    196 |      0 |      0 |      0 |   1 |  196.0 |
               +--------+--------+--------+--------+--------+-----+--------+

Top non-repeatable levels by time:
     D:1: 1087 daAuts
     D:3: 932 daAuts
     D:2: 724 daAuts
     D:4: 463 daAuts
 Ossuary: 196 daAuts
